 Dungeon Crawl Stone Soup version 0.20.0 (webtiles) character file.

883338 Llamajah the Invulnerable (level 27, -2/273 HPs)
             Began as a Minotaur Fighter on July 13, 2017.
             Was the Champion of Okawaru.
             Killed by divine providence
             ... invoked by a smoke demon
              (15 damage)
             ... while paralysed by a floating eye
             ... on level 2 of the Dungeon on July 16, 2017.
             The game lasted 07:53:49 (82152 turns).

Llamajah the Invulnerable (Minotaur Fighter)       Turns: 82152, Time: 07:53:50

Health: -2/273     AC: 37    Str: 25    XL:     27
Magic:  45/45      EV:  2    Int:  6    God:    Okawaru [******]
Gold:   3045       SH:  0    Dex: 18    Spells: 26/26 levels left

rFire    + + .     SeeInvis +   V - +9 broad axe (elec)
rCold    + + +     Gourm    .   c - +8 large shield
rNeg     + + .     Faith    .   L - +2 gold dragon scales
rPois    +         Spirit   .   O - +2 hat {SInv}
rElec    .         Reflect  +   P - scarf {cloud immunity}
rCorr    .         Harm     .   X - +0 pair of gloves of Osuigauvo {rN+ MP+9}
MR       ++...                  b - +2 pair of boots {Fly}
Stlth    ..........             A - amulet "Weliytus" {Reflect rF+ Slay+3 SH+2}
Regen    1.0/turn               S - ring "Piele" {+Blink rC++ MP+9 Slay+6}
MPRegen  0.3/turn               j - ring "Ywnaiz" {rPois rN+ Slay+2}

@: confused, paralysed, flying
A: retaliatory headbutt, horns 2, regeneration 1, wild magic 1, sturdy frame 1
0: Orb of Zot
}: 5/15 runes: decaying, serpentine, slimy, silver, abyssal
a: Heroism, Finesse, Renounce Religion, Evoke Blink, Stop Flying


You were on level 2 of the Dungeon.
You worshipped Okawaru.
Okawaru was exalted by your worship.
You were not hungry.

You visited 13 branches of the dungeon, and saw 59 of its levels.
You visited the Abyss 4 times.
You also visited: Ice Cave.

You collected 9848 gold pieces.
You spent 6803 gold pieces at shops.

Inventory:

Hand Weapons
 a - the +1 dire flail "Murothym" {holy, rF+ Int+3}
   (Okawaru gifted it to you on level 15 of the Dungeon)

   It has been blessed by the Shining One to cause great damage to the undead
   and demons.
   It affects your intelligence (+3).
   It protects you from fire.
 d - the +8 Wrath of Trog {antimagic, *Rage}
   (You found it on level 4 of the Snake Pit)

   It reduces the magical energy of the wielder, and disrupts the spells and
   magical abilities of those hit.
   Natural abilities and divine invocations are not affected.
   It may make you go berserk in combat.
 i - the +0 battleaxe "Vonixiur" {freeze, rPois rF+ Int-5}
   (Okawaru gifted it to you on level 2 of the Lair of Beasts)

   It has been specially enchanted to freeze those struck by it, causing extra
   injury to most foes and up to half again as much damage against particularly
   susceptible opponents.
   It can also slow down cold-blooded creatures.
   It affects your intelligence (-5).
   It protects you from fire.
   It protects you from poison.
 k - the +8 broad axe "Welep" {freeze, rN+ Dex+6}
   (You found it on level 5 of the Pits of Slime)

   It has been specially enchanted to freeze those struck by it, causing extra
   injury to most foes and up to half again as much damage against particularly
   susceptible opponents.
   It can also slow down cold-blooded creatures.
   It affects your dexterity (+6).
   It protects you from negative energy.
 n - the +1 broad axe of Evaifao {antimagic, rC- Str+4 Int+2}
   (Okawaru gifted it to you on level 2 of the Elven Halls)

   It reduces the magical energy of the wielder, and disrupts the spells and
   magical abilities of those hit.
   Natural abilities and divine invocations are not affected.
   It affects your strength (+4).
   It affects your intelligence (+2).
   It makes you vulnerable to cold.
 o - the +9 hand crossbow of the Pharaoh's Fist {penet, rN+}
   (You found it on level 13 of the Dungeon)

   Ammo fired by it will pass through the targets it hits, potentially hitting
   all targets in its path until it reaches maximum range.
   It protects you from negative energy.
 p - the +4 flail of Zin {venom, rElec MR+ Int+4}
   (You found it on level 3 of the Elven Halls)

   It poisons the flesh of those it strikes.
   It affects your intelligence (+4).
   It insulates you from electricity.
   It affects your resistance to hostile enchantments.
 s - the +9 fustibalus "Nutafuot" {venom, +Fly rElec rC+ Int-3 Dex+3}
   (You found it on level 3 of the Lair of Beasts)

   It poisons the ammo it fires.
   It affects your intelligence (-3).
   It affects your dexterity (+3).
   It protects you from cold.
   It insulates you from electricity.
   It lets you fly.
 t - a +1 great mace of holy wrath
 u - the +7 great mace "Undeadhunter" {disrupt, rN+}
   (You bought it in a shop on level 2 of the Orcish Mines)

   It protects you from negative energy.
 x - the +5 halberd "Conservator" {antimagic, *Slow MR+ Dex+8}
   (You found it on level 6 of the Lair of Beasts)

   It reduces the magical energy of the wielder, and disrupts the spells and
   magical abilities of those hit.
   Natural abilities and divine invocations are not affected.
   It affects your dexterity (+8).
   It affects your resistance to hostile enchantments.
   It may slow you when you take damage.
 z - the +5 hand crossbow "Murmur" {venom, rN+ Str+5}
   (You bought it in a shop on level 2 of the Orcish Mines)

   It poisons the ammo it fires.
   It affects your strength (+5).
   It protects you from negative energy.
 D - the +7 spear of Magnificence {holy, rElec rF+}
   (You found it on level 1 of the Elven Halls)

   It has been blessed by the Shining One to cause great damage to the undead
   and demons.
   It protects you from fire.
   It insulates you from electricity.
 E - the +4 war axe "Kukicayr" {flame, +Inv rPois rF+ Stlth+}
   (You found it on level 6 of the Dungeon)

   It has been specially enchanted to burn those struck by it, causing extra
   injury to most foes and up to half again as much damage against particularly
   susceptible opponents.
   Big, fiery blades are also staple armaments of hydra-hunters.
   It protects you from fire.
   It protects you from poison.
   It lets you turn invisible.
   It makes you more stealthy.
 V - a +9 broad axe of electrocution (weapon)
Missiles
 y - 1807 bolts
Armour
 b - a +2 pair of boots of flying (worn)
 c - a +8 large shield (worn)
 e - the scarf of Listlessness {-Tele rF+++ Dex+7}
   (Okawaru gifted it to you on level 12 of the Dungeon)

   It affects your dexterity (+7).
   It renders you almost immune to fire.
   It prevents most forms of teleportation.
 B - a +1 large shield of protection
 F - the -7 pair of gloves of Disappointment {rC- Int+9 Slay+3}
   (Okawaru gifted it to you on level 5 of the Realm of Zot)

   It affects your intelligence (+9).
   It affects your accuracy and damage with ranged weapons and melee attacks
   (+3).
   It makes you vulnerable to cold.
 G - a +2 pair of gloves of strength
 I - the +0 crystal plate armour "Xongosch" {*Contam +Fly rN++}
   (Okawaru gifted it to you on level 3 of the Abyss)

   It greatly protects you from negative energy.
   It lets you fly.
   It causes magical contamination when unequipped.
 K - the +0 pair of gloves "Leirr" {Regen+ Dex+2}
   (Okawaru gifted it to you on level 1 of the Snake Pit)

   It affects your dexterity (+2).
   It increases your rate of regeneration.
 L - +2 gold dragon scales (worn)
 M - the +2 pair of gloves of the Ward {MR++ Dex-2}
   (You found it on level 1 of the Depths)

   It affects your dexterity (-2).
   It affects your resistance to hostile enchantments.
 N - the +1 pair of boots of Morality {rC+ Str+3}
   (You acquired it on level 5 of the Vaults)

   It affects your strength (+3).
   It protects you from cold.
 O - a +2 hat of see invisible (worn)
 P - a scarf of cloud immunity (worn)
 X - the +0 pair of gloves of Osuigauvo (worn) {rN+ MP+9}
   (Okawaru gifted it to you on level 1 of the Snake Pit)

   It protects you from negative energy.
   It affects your magic capacity (+9).
Jewellery
 h - the amulet of Attitude {Gourm +Inv rPois Int-4 Dex+4}
   (You found it on level 4 of the Lair of Beasts)

   [amulet of the gourmand]

   It allows you to eat raw meat even when not hungry.
   It affects your intelligence (-4).
   It affects your dexterity (+4).
   It protects you from poison.
   It lets you turn invisible.
 j - the ring "Ywnaiz" (right hand) {rPois rN+ Slay+2}
   (You found it on level 3 of the Crypt)

   [ring of positive energy]

   It affects your accuracy and damage with ranged weapons and melee attacks
   (+2).
   It protects you from poison.
   It protects you from negative energy.
 m - the ring "Vinkiw" {rC+ MR+ Str+4 Dex+6 Slay+2}
   (You acquired it on level 12 of the Dungeon)

   [ring of protection from magic]

   It affects your strength (+4).
   It affects your dexterity (+6).
   It affects your accuracy and damage with ranged weapons and melee attacks
   (+2).
   It protects you from cold.
   It affects your resistance to hostile enchantments.
 q - the ring "Bynum" {Str+3 Int+4}
   (You took it off a deep elf high priest on level 3 of the Elven Halls)

   [ring of intelligence]

   It affects your strength (+3).
   It affects your intelligence (+4).
 w - the ring "Cuzuaxzu" {+Fly rPois}
   (You found it on level 2 of the Depths)

   [ring of flight]

   It protects you from poison.
   It lets you fly.
 A - the amulet "Weliytus" (around neck) {Reflect rF+ Slay+3 SH+2}
   (You took it off a centaur warrior on level 14 of the Dungeon)

   [amulet of reflection]

   It shields you and reflects attacks.
   It affects your accuracy and damage with ranged weapons and melee attacks
   (+3).
   It protects you from fire.
   It affects your SH (+2).
 H - the amulet "Anoih" {Regen+ Str+2}
   (You found it on level 3 of the Crypt)

   [amulet of regeneration]

   It affects your strength (+2).
   It increases your rate of regeneration.
 J - the ring "Minicw" {Wiz *Corrode Str+2 Dex+4}
   (You found it on level 2 of the Depths)

   [ring of wizardry]

   It improves your spell success rate.
   It affects your strength (+2).
   It affects your dexterity (+4).
   It may corrode you when you take damage.
 R - the ring "Putoycha" {Fire rN+}
   (You took it off a deep elf annihilator on level 3 of the Elven Halls)

   [ring of fire]

   It enhances your fire magic.
   It protects you from fire.
   It makes you vulnerable to cold.
   It protects you from negative energy.
 S - the ring "Piele" (left hand) {+Blink rC++ MP+9 Slay+6}
   (You found it on level 2 of the Depths)

   [ring of magical power]

   It affects your accuracy and damage with ranged weapons and melee attacks
   (+6).
   It greatly protects you from cold.
   It affects your magic capacity (+9).
   It lets you blink.
 T - the ring "Vuddon" {-Tele AC+2 Str+8}
   (You took it off a deep elf demonologist on level 3 of the Elven Halls)

   [ring of protection]

   It affects your AC (+2).
   It affects your strength (+8).
   It prevents most forms of teleportation.
 U - the ring of Gen Koen {rC+ MP+9 SInv}
   (You acquired it on level 12 of the Dungeon)

   [ring of magical power]

   It protects you from cold.
   It affects your magic capacity (+9).
   It lets you see invisible.
 W - the ring of Wajanempoa {*Slow rF+ rN+ Dex+3}
   (You found it on level 3 of the Crypt)

   [ring of positive energy]

   It affects your dexterity (+3).
   It protects you from fire.
   It protects you from negative energy.
   It may slow you when you take damage.
 Y - the ring "Jymurch" {rN+ Str+2}
   (You found it on level 3 of the Elven Halls)

   [ring of positive energy]

   It affects your strength (+2).
   It protects you from negative energy.
Potions
 g - 8 potions of haste
 l - 18 potions of curing
 v - a potion of heal wounds
 Q - 5 potions of resistance
Miscellaneous
 Z - the horn of Geryon
Comestibles
 f - 41 bread rations
 r - 22 fruits
 C - 22 meat rations


   Skills:
 O Level 27 Fighting
 + Level 24.0(26.0) Axes
 + Level 19.1(23.7) Maces & Flails
 - Level 6.1 Slings
 + Level 20.5 Crossbows
 O Level 27 Armour
 O Level 27 Dodging
 O Level 27 Shields
 - Level 7.6 Invocations


You had 26 spell levels left.
You didn't know any spells.

Dungeon Overview and Level Annotations

Branches:
Dungeon (15/15)            Temple (1/1) D:7            Lair (6/6) D:10
  Swamp (4/4) Lair:2        Snake (4/4) Lair:3        Slime (5/5) Lair:5
    Orc (2/2) D:11            Elf (3/3) Orc:2        Vaults (5/5) D:14
  Crypt (3/3) Vaults:3       Tomb (0/3) Crypt:3      Depths (5/5) D:15
   Hell (1/1)                 Dis (0/7) Hell            Geh (0/7) Hell
    Coc (0/7) Hell            Tar (0/7) Hell            Zot (5/5) Depths:5

Altars:
Ashenzari
Cheibriados
Dithmenos
Elyvilon
Fedhas
Gozag
Hepliaklqana
Kikubaaqudgha
Makhleb
Nemelex Xobeh
Okawaru
Qazlal
Ru
Sif Muna
Trog
Uskayaw
Vehumet
Xom
Yredelemnul
Zin
The Shining One
Beogh
Jiyva

Shops:
D:11 [   Orc:2 *[?*[%?   Elf:1 *!   Elf:2 :   Vaults:1 =   Depths:1 }=}
Depths:2 !*!   Depths:3 [*=[

Portals:
Hell: Depths:1 Depths:2 Depths:3 Depths:4 Depths:5
Abyss: Depths:1 Depths:4
Pandemonium: Depths:3 Depths:5
Ziggurat: Depths:4

Annotations:
Lair:3 exclusion: oklob plant
Elf:2 2 runed doors
Depths:5 6 runed doors


Innate Abilities, Weirdness & Mutations

You reflexively headbutt those who attack you in melee.
You have a pair of horns on your head.
Your natural rate of healing is unusually fast.
Your spells are a little harder to cast, but a little more powerful.
Your movements are slightly less encumbered by armour. (ER -2)


Message History

You are confused.
The floating eye gazes piercingly through you!
You suddenly lose the ability to move!
Uthryqit hits you but does no damage.
The Brimstone Fiend hits you but does no damage. x3
Uthryqit hits you.
* * * LOW HITPOINT WARNING * * *
The golden eye blinks at you. You resist with almost no effort.
The golden eye blinks at you.
You are more confused.
The golden eye blinks at you.
You are more confused.
Uthryqit hits you but does no damage.
The golden eye blinks!
The Brimstone Fiend hits you but does no damage.
The Brimstone Fiend completely misses you.
The Brimstone Fiend hits you.
* * * LOW HITPOINT WARNING * * *
The smoke demon gestures at you. Something smites you!
You die...

.................................
.................#......#########
.................#......# #.....
..###......>####.....G..# #.####
........##### #........####.....
........# #........#........
##......# #......###.#######
#......########G2...............
#.............#@G<..ยง......#####
##.............#1&..........#
...............#32..........#
##..........................#
............................#
#...........................#
.......................G....#
............................#
..#.........................#


You could see Uthryqit, a Brimstone Fiend, a cacodemon, a blizzard demon, a
smoke demon, a floating eye and 3 golden eyes.

Vanquished Creatures
  the Royal Jelly (Slime:5)
  The ghost of loopi the Shatterer, a legendary OgWn of Okawaru (Zot:5)
  6 orbs of fire
  12 ancient liches
  2 juggernauts
  A pandemonium lord (Zot:5)
  Sojobo (Depths:2)
  Boris (Vaults:3)
  6 curse toes
  Geryon (Hell)
  5 Killer Klowns
  12 golden dragons
  A profane servitor (Abyss:1)
  A Brimstone Fiend (Depths:4)
  4 bone dragons
  4 electric golems
  13 liches
  An Ice Fiend (Depths:4)
  28 tentacled monstrosities
  32 Orb Guardians
  Asterion (Vaults:3)
  3 deep elf blademasters
  6 quicksilver dragons
  7 titans
  8 sphinxes
  8 ancient champions
  15 acid blobs
  17 tentacled starspawn
  17 death cobs
  Kirke (Swamp:3)
  8 tengu reavers
  3 thorn hunters
  Donald (Orc:1)
  28 storm dragons
  4 draconian monks
  10 shadow dragons
  15 nagarajas
  13 azure jellies (Slime:5)
  6 revenants
  11 fire giants
  An orc warlord (Orc:1)
  17 vault wardens
  7 deep elf sorcerers
  A ghost moth (Zot:2)
  5 cacodemons
  Louise (Depths:1)
  An angel (D:9)
  3 curse skulls
  Aizul (Snake:1)
  5 balrugs
  3 iron dragons
  17 frost giants
  6 deep elf elementalists
  5 draconian knights
  14 ghouls
  5 draconian annihilators
  The ghost of Llamajah the Tortoise, a journeyman MiFi of Okawaru (Lair:6)
  8 draconian scorchers
  10 draconian stormcallers
  8 draconian shifters
  19 ironheart preservers
  2 war gargoyles
  2 entropy weavers
  10 reapers
  17 green draconians
  A juggernaut skeleton (Crypt:2)
  2 spriggan defenders (Depths:4)
  18 stone giants
  35 very ugly things
  A stone giant (shapeshifter) (Vaults:5)
  2 lorocyprocas
  4 vampire knights
  8 deep elf demonologists
  8 black draconians
  An ophan (Abyss:1)
  17 white draconians
  A black sun (Depths:2)
  21 red draconians
  Azrael (Snake:1)
  10 deep elf annihilators
  13 yellow draconians
  11 purple draconians
  6 spark wasps
  A merfolk javelineer (Depths:4)
  16 deep elf death magi
  8 eidola
  23 ettins
  Snorg (Orc:2)
  8 blizzard demons
  5 death oozes (Slime:5)
  Josephine (Swamp:1)
  2 crystal guardians
  3 green deaths
  21 yaktaur captains
  A quicksilver dragon zombie (Abyss:2)
  7 jiangshi
  13 great orbs of eyes
  14 fire dragons
  51 vault guards
  3 deep elf high priests
  14 rakshasas
  27 hydras
  8 ice dragons
  A catoblepas (D:14)
  4 spriggan air magi (Depths:4)
  11 naga warriors
  Harold (D:11)
  26 anacondas
  A monstrous demonspawn (Depths:2)
  10 centaur warriors
  2 ghost crabs (Swamp:4)
  The ghost of NoxCultor the Basher, a novice MiBe of Trog (D:9)
  11 alligators
  9 death knights
  30 dancing weapons
  21 ogre magi
  A merfolk aquamancer (Depths:2)
  60 two-headed ogres
  An alligator (shapeshifter) (Depths:5)
  6 death yaks (Lair:5)
  11 deep troll shamans
  A satyr (shapeshifter) (Vaults:1)
  12 thrashing horrors
  6 hell hogs
  Urug (D:12)
  15 naga sharpshooters
  25 deep elf knights
  14 vampire magi
  5 shock serpents
  7 orc high priests
  15 deep troll earth magi
  6 tengu warriors
  8 spriggan berserkers
  20 sun demons
  A shock serpent (shapeshifter) (Vaults:4)
  A titan skeleton (Crypt:3)
  6 soul eaters
  2 iron trolls (Depths:1)
  9 wretched stars
  9 shadow wraiths
  A salamander mystic (Depths:1)
  6 sixfirhies
  14 hell knights
  A fire crab (shapeshifter) (D:15)
  4 spatial maelstroms
  5 unseen horrors
  An infernal demonspawn (Depths:2)
  57 skeletal warriors
  A death drake (shapeshifter) (Elf:2)
  An unseen horror (shapeshifter) (Abyss:3)
  25 deep trolls
  8 flayed ghosts
  A torturous demonspawn (Depths:5)
  A deep troll (shapeshifter) (Vaults:5)
  4 shambling mangroves
  11 glowing orange brains
  2 golden dragon zombies
  A tengu zombie (Vaults:5)
  10 swamp dragons
  A golden dragon skeleton (Crypt:3)
  13 deep elf archers
  An orange crystal statue (Zot:2)
  5 wizards
  16 phantasmal warriors
  17 ironbrand convokers
  68 deep elf magi
  2 swamp dragons (shapeshifter)
  2 anaconda skeletons
  13 orc knights
  2 harpies (shapeshifter)
  21 naga ritualists
  2 kraken simulacra (Hell)
  18 mana vipers
  13 necromancers
  A wolf spider (shapeshifter) (Vaults:4)
  A frost giant zombie (Vaults:2)
  A sphinx zombie (Crypt:2)
  5 cyclopes
  11 salamanders
  5 harpies (Vaults:4)
  48 ugly things
  7 wolf spiders
  143 slime creatures
  5 shining eyes
  3 worldbinders
  2 fauns (shapeshifter)
  A fire giant zombie (Vaults:5)
  6 orc sorcerers
  2 iron dragon skeletons (Crypt:3)
  A salamander (shapeshifter) (Vaults:4)
  2 manticores
  3 frost giant skeletons
  3 fire giant skeletons
  A stone giant skeleton (Crypt:3)
  8 elephants
  2 centaur zombies
  25 moths of wrath
  14 guardian serpents
  A water nymph (shapeshifter) (Elf:1)
  2 eyes of devastation
  4 ice statues
  An eye of devastation (shapeshifter) (Vaults:4)
  16 smoke demons
  16 vault sentinels
  3 torpor snails
  54 black mambas
  3 apocalypse crabs
  4 orange demons
  An orc skeleton (Vaults:2)
  17 spiny frogs
  16 naga magi
  4 hellions
  A shock serpent skeleton (Crypt:3)
  2 dire elephant skeletons
  2 kobold demonologists
  An alligator snapping turtle skeleton (Crypt:1)
  19 freezing wraiths
  23 small abominations
  49 yaktaurs
  26 ice devils
  4 efreet
  2 guardian mummies
  A black draconian skeleton (Crypt:3)
  2 demonic crawlers
  8 tengu conjurers
  2 tormentors
  3 komodo dragons
  8 hellwings
  2 anaconda simulacra (Hell)
  12 ancient zymes
  A hydra zombie (Hell)
  2 purple draconian skeletons
  A catoblepas skeleton (Crypt:3)
  2 grey draconian skeletons (Crypt:1)
  A jumping spider (shapeshifter) (Vaults:3)
  A queen bee (shapeshifter) (D:15)
  A tengu simulacrum (Vaults:1)
  8 red devils
  A jumping spider (Vaults:5)
  5 polar bears
  A meliai (shapeshifter) (D:15)
  12 trolls
  A hornet (shapeshifter) (Depths:1)
  An iron troll skeleton (Crypt:2)
  6 tyrant leeches
  An ettin zombie (Vaults:2)
  21 hornets
  30 raiju
  27 blink frogs
  2 blink frogs (shapeshifter)
  8 hippogriffs
  9 bog bodies
  2 hydra skeletons (Hell)
  12 dream sheep
  A satyr zombie (Crypt:3)
  A stone giant simulacrum (Vaults:5)
  An ice dragon zombie (Abyss:1)
  37 starcursed masses
  16 flying skulls
  A satyr skeleton (Crypt:3)
  2 tarantellas (shapeshifter)
  6 redbacks
  Sigmund (D:6)
  An alligator skeleton (Crypt:3)
  An ettin skeleton (Crypt:3)
  A tarantella (Vaults:1)
  3 air elementals
  13 ynoxinuls
  24 spriggans
  8 water elementals
  19 wraiths
  3 shadows
  2 fire dragon skeletons (Crypt:3)
  2 ice dragon skeletons (Crypt:3)
  47 yaks
  2 black mamba skeletons
  4 basilisks
  20 fire elementals
  2 hogs
  A wyvern (Lair:3)
  15 neqoxecs
  9 chaos spawn
  A fire bat (shapeshifter) (Depths:2)
  4 fire bats (Abyss:3)
  5 golden eyes
  A yak (shapeshifter) (Vaults:4)
  A basilisk (shapeshifter) (Depths:4)
  3 hungry ghosts
  A golden eye (shapeshifter) (Vaults:5)
  18 vampire mosquitoes
  A human simulacrum (Vaults:2)
  31 large abominations
  A torturous demonspawn zombie (Crypt:2)
  4 wargs
  20 insubstantial wisps
  11 spatial vortices
  18 swamp worms
  An acid dragon (shapeshifter) (Vaults:2)
  2 hydra simulacra (Hell)
  43 nagas
  A soldier ant (shapeshifter) (D:14)
  2 torturous demonspawn skeletons
  A two-headed ogre skeleton (Crypt:2)
  4 acid dragons
  11 water moccasins
  4 porcupines
  7 ice beasts
  5 floating eyes
  A floating eye (shapeshifter) (Vaults:5)
  A spiny frog skeleton (Abyss:3)
  12 swamp drakes
  10 hell hounds
  7 phantoms
  An alligator simulacrum (Hell)
  40 orc warriors
  4 eyes of draining
  4 sky beasts
  5 black bears
  An ettin simulacrum (Vaults:5)
  45 ogres
  7 necrophages
  An orc zombie (Vaults:2)
  22 wolves
  19 boggarts
  15 centaurs
  8 crocodiles
  2 swamp dragon skeletons (Crypt:3)
  A dream sheep skeleton (Crypt:1)
  3 elf zombies (Elf:1)
  A hippogriff zombie (Crypt:3)
  4 big kobolds
  18 bullfrogs
  2 wyvern zombies
  6 earth elementals
  3 wyvern skeletons
  2 scorpions
  11 wights
  2 electric eels
  10 crimson imps
  2 yaktaur simulacra (Vaults:1)
  5 quasits
  A soldier ant zombie (Crypt:2)
  30 orc priests
  4 human zombies (Crypt:1)
  9 centaur skeletons
  3 bullfrog skeletons
  9 hounds
  4 iron imps
  A jelly (shapeshifter) (Vaults:4)
  2 jellies (D:5)
  26 orc wizards
  2 human skeletons (Crypt:1)
  A demonspawn skeleton (Crypt:3)
  4 iguanas
  6 lightning spires (Abyss:3)
  4 worker ants
  A crocodile zombie (Crypt:3)
  A demigod zombie (Crypt:2)
  A big kobold zombie (Crypt:1)
  15 mummies
  2 hound skeletons
  3 worker ant zombies
  8 gnolls
  21 adders
  4 shadow imps
  13 white imps
  15 ufetubi
  2 oozes
  An adder zombie (D:7)
  4 worms
  4 dart slugs
  10 leopard geckos
  105 orcs
  4 giant cockroaches
  12 hobgoblins
  7 jackals
  10 kobolds
  4 quokkas
  2 ball pythons
  7 bats
  5 frilled lizards
  7 goblins
  A goblin skeleton (Crypt:3)
  A hobgoblin zombie (Crypt:2)
  7 rats
  A briar patch (Swamp:4)
  5 crawling corpses
  2 fungi
  3 lurking horrors
  2 plants
  18 starspawn tentacles
  A tentacle (Hell)
3488 creatures vanquished.

Vanquished Creatures (others)
  A golden dragon (Depths:5)
  A titan (Vaults:5)
  2 deep elf master archers (Elf:3)
  A vault warden (Vaults:1)
  A deep elf elementalist (Depths:4)
  6 stone giants
  A deep elf demonologist (Elf:2)
  A merfolk impaler (Abyss:3)
  4 yaktaur captains
  2 centaur warriors
  A hell hog (Zot:5)
  A two-headed ogre (Vaults:5)
  A large abomination (Abyss:2)
  A deep elf knight (Depths:2)
  A shadow wraith (Vaults:2)
  3 deep elf archers
  An orc knight (Vaults:5)
  An orange demon (Abyss:1)
  12 yaktaurs
  A hornet (Abyss:1)
  2 humans (Swamp:4)
  A swamp drake (Swamp:2)
  2 ogres
  2 boggarts (D:15)
  A centaur (Depths:2)
  A small abomination (Abyss:3)
  An orc priest (Vaults:5)
  3 white imps
  An ufetubus (IceCv)
  3 orcs
  4 briar patches
  A fire vortex (Abyss:3)
  6 fungi
  2 lurking horrors
  7 plants
  35 starspawn tentacles
  8 tentacles (Hell)
123 creatures vanquished.

Grand Total: 3611 creatures vanquished

Notes
Turn   | Place    | Note
-------+----------+-------------------------------------------
     0 | D:1      | Llamajah the Minotaur Fighter began the quest for the Orb.
     0 | D:1      | Reached XP level 1. HP: 19/19 MP: 0/0
    51 | D:1      | Reached XP level 2. HP: 27/27 MP: 1/1
   341 | D:1      | Reached skill level 1 in Dodging
   341 | D:1      | Reached XP level 3. HP: 33/33 MP: 2/2
   662 | D:2      | Found a burning altar of Makhleb.
  1171 | D:2      | Found a radiant altar of Vehumet.
  1171 | D:2      | Found a sacrificial altar of Ru.
  1454 | D:3      | Found a stormy altar of Qazlal.
  1562 | D:3      | Reached XP level 4. HP: 26/40 MP: 3/3
  1990 | D:3      | Reached skill level 5 in Armour
  1990 | D:3      | Reached XP level 5. HP: 24/47 MP: 4/4
  2729 | D:4      | Found an opulent altar of Gozag.
  2836 | D:4      | Reached XP level 6. HP: 42/53 MP: 5/5
  2844 | D:4      | Found a glowing silver altar of Zin.
  3432 | D:5      | Entered Level 5 of the Dungeon
  3511 | D:5      | Reached skill level 5 in Fighting
  3515 | D:5      | Reached XP level 7. HP: 51/61 MP: 6/6
  3603 | D:5      | Reached skill level 5 in Shields
  3813 | D:5      | Found a burning altar of Makhleb.
  3813 | D:5      | Noticed a cacodemon
  4165 | D:6      | Reached XP level 8. HP: 54/70 MP: 7/7
  4222 | D:6      | Reached skill level 5 in Dodging
  4254 | D:6      | Reached skill level 5 in Axes
  4426 | D:6      | Got a fine war axe
  4427 | D:6      | Identified the +4 war axe "Kukicayr" {flame, +Inv rPois rF+ Stlth+} (You found it on level 6 of the Dungeon)
  4511 | D:6      | Noticed Sigmund
  4525 | D:6      | Killed Sigmund
  4949 | D:7      | Found a staircase to the Ecumenical Temple.
  4969 | Temple   | Entered the Ecumenical Temple
  5065 | Temple   | Became a worshipper of Cheibriados the Contemplative
  5130 | D:7      | Found an iron altar of Okawaru.
  5188 | D:7      | Fell from the grace of Cheibriados
  5247 | D:7      | Became a worshipper of Warmaster Okawaru
  5322 | D:7      | Found a basalt altar of Yredelemnul.
  5645 | D:7      | Reached XP level 9. HP: 78/78 MP: 8/8
  5649 | D:7      | Found an ancient bone altar of Kikubaaqudgha.
  6105 | D:8      | Reached skill level 1 in Invocations
  6164 | D:8      | Found a deep blue altar of Sif Muna.
  6196 | D:8      | Noticed a sixfirhy
  6594 | D:9      | Reached * piety under Okawaru
  6642 | D:9      | Noticed NoxCultor's ghost (novice MiBe)
  6660 | D:9      | Killed NoxCultor's ghost
  6672 | D:9      | Noticed a fire crab
  6672 | D:9      | Noticed an efreet
  6672 | D:9      | Noticed a centaur warrior
  6674 | D:9      | a fire crab changed into a shapeshifter
  6674 | D:9      | Noticed a polar bear
  6674 | D:9      | a shapeshifter changed into a polar bear
  6822 | D:9      | Found a shattered altar of Ashenzari.
  6875 | D:9      | Killed a centaur warrior
  6899 | D:9      | Noticed a troll
  6905 | D:9      | Killed a troll
  6905 | D:9      | Reached ** piety under Okawaru
  7055 | D:9      | Noticed a jumping spider
  7082 | D:10     | Entered Level 10 of the Dungeon
  7116 | D:10     | Reached XP level 10. HP: 86/86 MP: 11/11
  7128 | D:10     | Noticed a two-headed ogre
  7138 | D:10     | Killed a two-headed ogre
  7138 | D:10     | Reached skill level 10 in Armour
  7263 | D:10     | Killed an unseen horror
  7322 | D:10     | Reached *** piety under Okawaru
  7378 | D:10     | Found a staircase to the Lair.
  7537 | D:10     | Killed an unseen horror
  7544 | D:10     | Received a gift from Okawaru
  7633 | D:10     | Noticed a two-headed ogre
  7644 | D:10     | Killed a two-headed ogre
  7644 | D:10     | Reached **** piety under Okawaru
  7769 | Lair:1   | Entered Level 1 of the Lair of Beasts
  8003 | Lair:1   | Noticed a four-headed hydra
  8008 | Lair:1   | Killed a one-headed hydra
  8008 | Lair:1   | Reached XP level 11. HP: 95/95 MP: 13/13
  8033 | Lair:1   | Reached ***** piety under Okawaru
  8580 | Lair:2   | Noticed a six-headed hydra
  8586 | Lair:2   | Killed a four-headed hydra
  8586 | Lair:2   | Reached skill level 5 in Invocations
  8741 | Lair:2   | Reached skill level 10 in Dodging
  8747 | Lair:2   | Received a gift from Okawaru
  8748 | Lair:2   | Got a warped battleaxe {god gift}
  8754 | Lair:2   | Lost intelligence.
  8754 | Lair:2   | Identified the +0 battleaxe "Vonixiur" {freeze, rPois rF+ Int-5} (Okawaru gifted it to you on level 2 of the Lair of Beasts)
  8785 | Lair:2   | Identified the Tome of Earth and Good Luck
  8927 | Lair:2   | Found a staircase to the Swamp.
  9548 | Lair:3   | Reached XP level 12. HP: 43/105 MP: 15/15
  9727 | Lair:3   | Received a gift from Okawaru
  9800 | Lair:3   | Got a steaming fustibalus
  9833 | Lair:3   | Identified the +9 fustibalus "Nutafuot" {venom, +Fly rElec rC+ Int-3 Dex+3} (You found it on level 3 of the Lair of Beasts)
  9854 | Lair:3   | Found a staircase to the Snake Pit.
 10274 | Lair:3   | Was forgiven by Cheibriados
 10490 | Lair:4   | Reached skill level 1 in Slings
 10561 | Lair:4   | Noticed a four-headed hydra
 10569 | Lair:4   | Killed a one-headed hydra
 10614 | Lair:4   | Noticed a four-headed hydra
 10621 | Lair:4   | Killed a one-headed hydra
 10682 | Lair:4   | Reached skill level 10 in Shields
 10842 | Lair:4   | Got a faintly glowing crystal amulet
 10844 | Lair:4   | Identified the amulet of Attitude {Gourm +Inv rPois Int-4 Dex+4} (You found it on level 4 of the Lair of Beasts)
 10876 | Lair:4   | Reached skill level 10 in Fighting
 11197 | Lair:5   | Found a staircase to the Slime Pits.
 11200 | Lair:5   | Found a viscous altar of Jiyva.
 11248 | Lair:5   | Noticed a death yak
 11252 | Lair:5   | Noticed a death yak
 11252 | Lair:5   | Noticed a death yak
 11287 | Lair:5   | Noticed a death yak
 11290 | Lair:5   | Noticed a death yak
 11291 | Lair:5   | Noticed a death yak
 11294 | Lair:5   | Killed a death yak
 11294 | Lair:5   | Reached ****** piety under Okawaru
 11294 | Lair:5   | Received a gift from Okawaru
 11303 | Lair:5   | Killed a death yak
 11314 | Lair:5   | Killed a death yak
 11328 | Lair:5   | Killed a death yak
 11328 | Lair:5   | Received a gift from Okawaru
 11334 | Lair:5   | Killed a death yak
 11334 | Lair:5   | Reached XP level 13. HP: 84/113 MP: 17/17
 11344 | Lair:5   | Reached skill level 10 in Axes
 12216 | Lair:6   | Entered Level 6 of the Lair of Beasts
 12288 | Lair:6   | Noticed Llamajah's ghost (journeyman MiFi)
 12301 | Lair:6   | Killed Llamajah's ghost
 12611 | Lair:6   | Received a gift from Okawaru
 12756 | Lair:6   | Received a gift from Okawaru
 12958 | Lair:6   | Reached skill level 5 in Slings
 13250 | Lair:6   | Got a steaming halberd
 13707 | D:11     | Reached XP level 14. HP: 124/124 MP: 18/18
 13801 | D:11     | Noticed Harold
 13819 | D:11     | Killed Harold
 14014 | D:11     | Found Doicsiople's Armour Shop.
 14017 | D:11     | Bought a +0 pair of gloves of strength for 207 gold pieces
 14035 | D:11     | Found a staircase to the Orcish Mines.
 14601 | D:12     | Noticed Urug
 14619 | D:12     | Killed Urug
 14619 | D:12     | Received a gift from Okawaru
 14626 | D:12     | Got a heavily runed scarf {god gift}
 14787 | D:12     | Identified 3 scrolls of acquirement
 14950 | D:12     | Got a translucent bronze ring
 14952 | D:12     | Identified the ring of Gen Koen {rC+ MP+9 SInv} (You acquired it on level 12 of the Dungeon)
 14956 | D:12     | Got a brightly glowing tin ring
 14958 | D:12     | Identified the ring "Vinkiw" {rC+ MR+ Str+4 Dex+6 Slay+2} (You acquired it on level 12 of the Dungeon)
 15130 | D:12     | Identified the scarf of Listlessness {-Tele rF+++ Dex+7} (Okawaru gifted it to you on level 12 of the Dungeon)
 15484 | D:13     | Got a blackened hand crossbow
 15485 | D:13     | Identified the +9 hand crossbow of the Pharaoh's Fist {penet, rN+} (You found it on level 13 of the Dungeon)
 15961 | D:8      | Reached skill level 15 in Armour
 16592 | D:14     | Found a shimmering altar of Xom.
 16679 | D:14     | Identified the Grimoire of Assistive Hexes
 16686 | D:14     | Found a gate to the Vaults.
 16701 | D:14     | Reached skill level 1 in Crossbows
 16836 | D:14     | Got a fine copper amulet
 17054 | D:14     | Received a gift from Okawaru
 17471 | D:15     | Entered Level 15 of the Dungeon
 17695 | D:15     | Found a staircase to the Depths.
 17707 | D:15     | Reached XP level 15. HP: 129/132 MP: 19/19
 18027 | D:15     | Received a gift from Okawaru
 18096 | D:15     | Found a sacrificial altar of Ru.
 18186 | D:15     | Received a gift from Okawaru
 18189 | D:15     | Got a crude dire flail {god gift}
 18480 | Orc:1    | Entered Level 1 of the Orcish Mines
 18735 | Orc:2    | Entered Level 2 of the Orcish Mines
 18735 | Orc:2    | Found Los Hufi's Antique Armour Shop.
 18735 | Orc:2    | Noticed Donald
 18744 | Orc:2    | Noticed an orc warlord
 18753 | Orc:1    | Killed Donald
 18797 | Orc:1    | Killed an orc warlord
 18797 | Orc:1    | Reached skill level 15 in Dodging
 18931 | Orc:1    | Identified the amulet "Weliytus" {Reflect rF+ Slay+3 SH+2} (You took it off a centaur warrior on level 14 of the Dungeon)
 18954 | Orc:2    | Received a gift from Okawaru
 18974 | Orc:2    | Bought a pair of boots for 162 gold pieces
 19249 | Orc:2    | Found Ozaivios's General Store.
 19249 | Orc:2    | Found a staircase to the Elven Halls.
 19259 | Orc:2    | Bought a scroll of identify for 34 gold pieces
 19259 | Orc:2    | Bought a scroll of teleportation for 51 gold pieces
 19340 | Orc:2    | Bought the +7 great mace "Undeadhunter" {disrupt, rN+} for 895 gold pieces
 19367 | Orc:2    | Found Iryopt's Magic Scroll Emporium.
 19377 | Orc:2    | Bought a scroll of fear for 38 gold pieces
 19377 | Orc:2    | Bought a scroll of remove curse for 33 gold pieces
 19377 | Orc:2    | Bought a scroll of teleportation for 33 gold pieces
 19377 | Orc:2    | Bought a scroll of teleportation for 33 gold pieces
 19377 | Orc:2    | Bought a scroll of enchant armour for 82 gold pieces
 19494 | Orc:2    | Found a roughly hewn altar of Beogh.
 19605 | Orc:2    | Found Ryfufe's Assorted Antiques.
 19660 | Orc:2    | Reached skill level 5 in Crossbows
 19665 | Orc:2    | Noticed Snorg
 19678 | Orc:2    | Killed Snorg
 20017 | Orc:2    | Found Pirutah's Food Shop.
 20023 | Orc:2    | Found Dinik's Magic Scroll Shop.
 20025 | Orc:2    | Found Voocues's Armour Shoppe.
 20031 | Orc:2    | Bought a scroll of enchant weapon for 112 gold pieces
 20031 | Orc:2    | Bought a scroll of holy word for 112 gold pieces
 20031 | Orc:2    | Bought a scroll of enchant armour for 112 gold pieces
 20031 | Orc:2    | Bought 2 scrolls of enchant armour for 225 gold pieces
 20033 | Orc:2    | Bought a +10 plate armour of ponderousness for 600 gold pieces
 20096 | Orc:2    | Bought a twisted hand crossbow for 229 gold pieces
 20100 | Orc:2    | Identified the +5 hand crossbow "Murmur" {venom, rN+ Str+5} (You bought it in a shop on level 2 of the Orcish Mines)
 20367 | Orc:2    | Bought 3 scrolls of identify for 90 gold pieces
 20367 | Orc:2    | Bought a scroll of identify for 30 gold pieces
 20367 | Orc:2    | Bought a scroll of fear for 52 gold pieces
 20367 | Orc:2    | Bought a scroll of identify for 30 gold pieces
 20367 | Orc:2    | Bought a scroll of identify for 30 gold pieces
 20367 | Orc:2    | Bought a scroll of remove curse for 45 gold pieces
 20367 | Orc:2    | Identified the +1 dire flail "Murothym" {holy, rF+ Int+3} (Okawaru gifted it to you on level 15 of the Dungeon)
 20560 | Snake:1  | Entered Level 1 of the Snake Pit
 20593 | Snake:1  | Noticed a nagaraja
 20615 | Snake:1  | Killed a nagaraja
 20615 | Snake:1  | Received a gift from Okawaru
 20766 | Snake:1  | Got a pair of pitted gloves {god gift}
 20948 | Snake:1  | Identified the +0 pair of gloves "Leirr" {Regen+ Dex+2} (Okawaru gifted it to you on level 1 of the Snake Pit)
 21105 | Snake:1  | Noticed Azrael
 21137 | Snake:1  | Killed Azrael
 21361 | Snake:1  | Noticed Aizul
 21377 | Snake:1  | Killed Aizul
 21377 | Snake:1  | Reached XP level 16. HP: 115/143 MP: 18/20
 21990 | Snake:1  | Received a gift from Okawaru
 22004 | Snake:1  | Got a pair of ichor-stained gloves {god gift}
 22015 | Snake:1  | Identified the +0 pair of gloves of Osuigauvo {rN+ MP+9} (Okawaru gifted it to you on level 1 of the Snake Pit)
 22103 | Swamp:1  | Entered Level 1 of the Swamp
 22528 | Swamp:1  | Noticed Josephine
 22534 | Swamp:1  | Killed Josephine
 22736 | Swamp:2  | Noticed a thorn hunter
 23031 | Swamp:2  | Killed a thorn hunter
 23822 | Swamp:3  | Received a gift from Okawaru
 23897 | Swamp:3  | Received a gift from Okawaru
 23928 | Swamp:3  | Identified Sif Muna's Incunabulum of the Mutagenic Frostbite
 24314 | Swamp:4  | Entered Level 4 of the Swamp
 24371 | Swamp:4  | Noticed a thorn hunter
 24372 | Swamp:4  | Noticed Kirke
 24394 | Swamp:4  | Killed a thorn hunter
 24503 | Swamp:3  | Killed Kirke
 24568 | Swamp:4  | Noticed a thorn hunter
 24568 | Swamp:4  | Reached XP level 17. HP: 147/151 MP: 21/21
 24580 | Swamp:4  | Received a gift from Okawaru
 24595 | Swamp:4  | Received a gift from Okawaru
 24639 | Swamp:4  | Got a decaying rune of Zot
 25413 | D:13     | You are sucked into a shaft!
 25465 | Depths:1 | Entered Level 1 of the Depths
 25465 | Depths:1 | Noticed a tentacled monstrosity
 25465 | Depths:1 | Noticed a tentacled monstrosity
 25730 | Depths:1 | Killed a tentacled monstrosity
 25736 | D:15     | Received a gift from Okawaru
 25739 | D:15     | Killed a tentacled monstrosity
 26074 | Depths:1 | Got a pair of spiked gloves
 26226 | Depths:1 | Identified the +2 pair of gloves of the Ward {MR++ Dex-2} (You found it on level 1 of the Depths)
 26333 | Depths:1 | Noticed a lich
 26348 | Depths:1 | Killed a lich
 26362 | Depths:1 | Reached XP level 18. HP: 95/162 MP: 22/22
 26837 | Depths:1 | Found Muive's Gadget Emporium.
 26838 | Depths:1 | Found Efunaiz's Jewellery Boutique.
 26839 | Depths:1 | Found Pousiate's Gadget Emporium.
 26965 | Depths:1 | Reached skill level 15 in Fighting
 27009 | Depths:1 | Found a one-way gate to the infinite horrors of the Abyss.
 27012 | Depths:1 | Noticed Louise
 27043 | Depths:1 | Killed Louise
 27177 | Depths:1 | Received a gift from Okawaru
 27499 | Depths:1 | Received a gift from Okawaru
 27609 | Depths:2 | Got a scorched bone ring
 27808 | Depths:2 | Identified the ring "Minicw" {Wiz *Corrode Str+2 Dex+4} (You found it on level 2 of the Depths)
 27840 | Depths:2 | Received a gift from Okawaru
 27887 | Depths:2 | Paralysed by a floating eye for 4 turns
 27900 | Depths:2 | Received a gift from Okawaru
 27934 | Depths:2 | Noticed a juggernaut
 27946 | Depths:2 | Killed a juggernaut
 27946 | Depths:2 | Reached skill level 10 in Crossbows
 28051 | Depths:2 | Reached skill level 15 in Axes
 28061 | Depths:2 | Got a faintly glowing amber ring
 28063 | Depths:2 | Identified the ring "Cuzuaxzu" {+Fly rPois} (You found it on level 2 of the Depths)
 28077 | Depths:2 | Paralysed by a floating eye for 2 turns
 28084 | Depths:2 | Found Vitiq's Distillery.
 28095 | Depths:2 | Bought a potion of curing for 57 gold pieces
 28095 | Depths:2 | Bought a potion of curing for 57 gold pieces
 28095 | Depths:2 | Bought a potion of resistance for 190 gold pieces
 28095 | Depths:2 | Bought a potion of heal wounds for 95 gold pieces
 28095 | Depths:2 | Bought a potion of curing for 57 gold pieces
 28095 | Depths:2 | Bought a potion of heal wounds for 95 gold pieces
 28095 | Depths:2 | Bought a potion of heal wounds for 95 gold pieces
 28119 | Depths:2 | Noticed a lich
 28129 | Depths:2 | Killed a lich
 28140 | Depths:2 | Found Siubb's Distillery.
 28157 | Depths:2 | Bought a potion of heal wounds for 110 gold pieces
 28157 | Depths:2 | Bought a potion of heal wounds for 110 gold pieces
 28539 | Snake:2  | Received a gift from Okawaru
 28783 | Snake:2  | Received a gift from Okawaru
 29042 | Snake:2  | Found a frozen archway.
 29070 | IceCv    | Entered an ice cave
 29212 | IceCv    | Reached XP level 19. HP: 166/170 MP: 23/23
 30046 | Snake:3  | Found a runed door.
 30311 | Snake:3  | Received a gift from Okawaru
 30961 | Snake:4  | Entered Level 4 of the Snake Pit
 32086 | Snake:4  | Received a gift from Okawaru
 32326 | Snake:4  | Received a gift from Okawaru
 32327 | Snake:4  | Reached XP level 20. HP: 159/180 MP: 24/24
 32651 | Snake:4  | Got a serpentine rune of Zot
 33027 | Elf:1    | Entered Level 1 of the Elven Halls
 33299 | Elf:1    | Found Atefujy's General Store.
 33318 | Elf:1    | Bought a scroll of fear for 49 gold pieces
 33328 | Elf:1    | Found Jegoo's Distillery.
 33336 | Elf:1    | Bought a potion of curing for 48 gold pieces
 33336 | Elf:1    | Bought a potion of haste for 160 gold pieces
 33618 | Elf:1    | Got an ebony spear
 33619 | Elf:1    | Identified the +7 spear of Magnificence {holy, rElec rF+} (You found it on level 1 of the Elven Halls)
 34003 | Elf:1    | Identified Morelut's Guide on Evil Rites
 34242 | Elf:2    | Found Archar's Book Shop.
 34395 | Elf:2    | Received a gift from Okawaru
 34604 | Elf:2    | Received a gift from Okawaru
 34614 | Elf:2    | Got a jewelled broad axe {god gift}
 34615 | Elf:2    | Identified the +1 broad axe of Evaifao {antimagic, rC- Str+4 Int+2} (Okawaru gifted it to you on level 2 of the Elven Halls)
 34627 | Elf:2    | Found a large runed door.
 34627 | Elf:2    | Found a large runed door.
 34649 | Elf:2    | Found a large runed door.
 34649 | Elf:2    | Found a large runed door.
 34837 | Elf:2    | Reached skill level 15 in Shields
 35382 | Vaults:1 | Entered Level 1 of the Vaults
 35643 | Vaults:1 | Received a gift from Okawaru
 35773 | Vaults:1 | Reached XP level 21. HP: 183/189 MP: 25/25
 36703 | Vaults:1 | Found Woets's Jewellery Boutique.
 36998 | Vaults:2 | Received a gift from Okawaru
 37589 | Vaults:2 | Received a gift from Okawaru
 37984 | Vaults:3 | Noticed Asterion
 37985 | Vaults:3 | Received a gift from Okawaru
 37995 | Vaults:3 | Received a gift from Okawaru
 38022 | Vaults:3 | Killed Asterion
 38022 | Vaults:3 | Received a gift from Okawaru
 38029 | Vaults:3 | Got an ancient hand crossbow {god gift}
 38325 | Vaults:3 | Reached XP level 22. HP: 200/200 MP: 26/26
 38530 | Vaults:3 | Noticed Boris
 38542 | Vaults:3 | Killed Boris
 39193 | Vaults:3 | Found a staircase to the Crypt.
 39376 | Vaults:3 | Received a gift from Okawaru
 39388 | Vaults:3 | Identified the +5 hand crossbow of Valiance {venom, *Contam *Drain MP+9 Str+7} (Okawaru gifted it to you on level 3 of the Vaults)
 39395 | Vaults:3 | Gained mutation: Armour fits poorly on your strangely shaped body. [mutagenic glow]
 39496 | Vaults:3 | Lost mutation: Armour fits poorly on your strangely shaped body. [potion of mutation]
 39496 | Vaults:3 | Gained mutation: Scrolls take you a little longer to read. [potion of mutation]
 39496 | Vaults:3 | Gained mutation: You can translocate small distances at will. [potion of mutation]
 39496 | Vaults:3 | Gained mutation: You have large cloven feet. [potion of mutation]
 39496 | Vaults:3 | Gained mutation: You possess an exceptional clarity of mind. [potion of mutation]
 39863 | Vaults:4 | Received a gift from Okawaru
 39916 | Vaults:4 | Found a sparkling altar of Nemelex Xobeh.
 40023 | Vaults:4 | Received a gift from Okawaru
 40349 | Vaults:4 | Received a gift from Okawaru
 40368 | Vaults:4 | Received a gift from Okawaru
 41300 | Vaults:3 | Lost mutation: You have large cloven feet. [potion of mutation]
 41300 | Vaults:3 | Lost mutation: Scrolls take you a little longer to read. [potion of mutation]
 41300 | Vaults:3 | Lost mutation: You possess an exceptional clarity of mind. [potion of mutation]
 41300 | Vaults:3 | Gained mutation: Your magical capacity is low. (-10% MP) [potion of mutation]
 41300 | Vaults:3 | Gained mutation: Your flesh is cold resistant. (rC+) [potion of mutation]
 42391 | Vaults:4 | Paralysed by a hornet for 1 turns
 42630 | Vaults:4 | Received a gift from Okawaru
 43248 | Depths:2 | Bought a potion of curing for 66 gold pieces
 43248 | Depths:2 | Bought 2 potions of haste for 440 gold pieces
 43248 | Depths:2 | Bought a potion of curing for 66 gold pieces
 43248 | Depths:2 | Bought a potion of heal wounds for 110 gold pieces
 43248 | Depths:2 | Bought a potion of curing for 66 gold pieces
 43465 | Orc:2    | Bought a potion of might for 108 gold pieces
 43574 | Elf:3    | Entered Level 3 of the Elven Halls
 43640 | Elf:3    | Reached XP level 23. HP: 209/209 MP: 24/24
 43670 | Elf:3    | Received a gift from Okawaru
 44030 | Elf:2    | Received a gift from Okawaru
 44287 | Elf:3    | Got a scorched bone ring
 44289 | Elf:3    | Got a slimy tin ring
 44343 | Elf:3    | Received a gift from Okawaru
 44357 | Elf:3    | Got a bound iron ring
 44471 | Elf:3    | Got a pitted flail
 44478 | Elf:3    | Identified the +4 flail of Zin {venom, rElec MR+ Int+4} (You found it on level 3 of the Elven Halls)
 44484 | Elf:3    | Got an ancient glass ring
 44488 | Elf:3    | Identified the ring "Putoycha" {Fire rN+} (You took it off a deep elf annihilator on level 3 of the Elven Halls)
 44492 | Elf:3    | Identified the ring "Bynum" {Str+3 Int+4} (You took it off a deep elf high priest on level 3 of the Elven Halls)
 44494 | Elf:3    | Identified the ring "Vuddon" {-Tele AC+2 Str+8} (You took it off a deep elf demonologist on level 3 of the Elven Halls)
 44496 | Elf:3    | Identified the ring "Jymurch" {rN+ Str+2} (You found it on level 3 of the Elven Halls)
 45341 | Elf:3    | Received a gift from Okawaru
 45974 | Crypt:1  | Entered Level 1 of the Crypt
 46312 | Crypt:1  | Received a gift from Okawaru
 46619 | Crypt:1  | Received a gift from Okawaru
 48015 | Crypt:2  | Reached XP level 24. HP: 203/221 MP: 24/24
 48526 | Crypt:3  | Entered Level 3 of the Crypt
 48950 | Crypt:3  | Noticed an ancient lich
 48961 | Crypt:3  | Killed an ancient lich
 49032 | Crypt:3  | Received a gift from Okawaru
 49128 | Crypt:3  | Found an ancient bone altar of Kikubaaqudgha.
 49185 | Crypt:3  | Noticed an ancient lich
 49194 | Crypt:3  | Cast into level 5 of the Abyss (an ancient lich)
 49194 | Abyss:5  | Entered Level 5 of the Abyss
 49223 | Abyss:5  | Received a gift from Okawaru
 49306 | Abyss:5  | Noticed an ancient lich
 49317 | Abyss:5  | Killed an ancient lich
 49317 | Abyss:5  | Received a gift from Okawaru
 49427 | Crypt:3  | Escaped the Abyss
 49441 | Crypt:3  | Killed an ancient lich
 49578 | Crypt:3  | Got an ancient ruby amulet
 49584 | Crypt:3  | Got a scorched lead ring
 49604 | Crypt:3  | Identified the ring of Wajanempoa {*Slow rF+ rN+ Dex+3} (You found it on level 3 of the Crypt)
 49605 | Crypt:3  | Identified the amulet "Anoih" {Regen+ Str+2} (You found it on level 3 of the Crypt)
 49609 | Crypt:3  | Got a brightly glowing pewter ring
 49611 | Crypt:3  | Identified the ring "Ywnaiz" {rPois rN+ Slay+2} (You found it on level 3 of the Crypt)
 49777 | Crypt:3  | Paralysed by a lich for 2 turns
 49899 | Crypt:3  | Received a gift from Okawaru
 50527 | Crypt:3  | Found a staircase to the Tomb.
 51021 | Lair:1   | Identified the +5 halberd "Conservator" {antimagic, *Slow MR+ Dex+8} (You found it on level 6 of the Lair of Beasts)
 51592 | Depths:1 | Found a gateway to Hell.
 51709 | Depths:1 | Got a transparent demon blade
 51710 | Depths:1 | Identified the cursed +1 demon blade "Xusiwn" {drain, rPois} (You found it on level 1 of the Depths)
 51927 | Depths:2 | Noticed Sojobo
 51938 | Depths:2 | Killed Sojobo
 52006 | Depths:2 | Reached XP level 25. HP: 156/235 MP: 24/24
 52299 | Depths:2 | Paralysed by a floating eye for 2 turns
 52558 | Depths:2 | Found Moxaepn's Assorted Antiques.
 52588 | Depths:2 | Got a steaming gossamer ring
 52824 | Depths:3 | Received a gift from Okawaru
 52829 | Depths:3 | Found Udweux's General Store.
 52907 | Depths:3 | Identified the ring "Piele" {+Blink rC++ MP+9 Slay+6} (You found it on level 2 of the Depths)
 53035 | Depths:3 | Found a one-way gate leading to the halls of Pandemonium.
 53058 | Depths:3 | Noticed a juggernaut
 53070 | Depths:3 | Killed a juggernaut
 53805 | Depths:3 | Found Zeleypaiwn's Antique Armour Boutique.
 53854 | Depths:3 | Found Viap's Jewellery Shoppe.
 53944 | Depths:3 | Found Widaus's Armour Boutique.
 54140 | Depths:1 | Bought a wand of digging (19/24) for 874 gold pieces
 54315 | Depths:3 | Bought a +0 large shield of protection for 195 gold pieces
 54702 | Depths:4 | Found a runed gate.
 54702 | Depths:4 | Found a runed gate.
 54702 | Depths:4 | Found a runed gate.
 54702 | Depths:4 | Found a runed gate.
 54702 | Depths:4 | Found a runed gate.
 54702 | Depths:4 | Found a runed gate.
 54782 | Depths:4 | Found a gateway to a ziggurat.
 55192 | Depths:4 | Received a gift from Okawaru
 55441 | Depths:4 | Received a gift from Okawaru
 55451 | Depths:4 | Got a slimy large shield {god gift}
 55462 | Depths:4 | Identified the +1 large shield of a bailey {MR+} (Okawaru gifted it to you on level 4 of the Depths)
 55749 | Depths:4 | Got a pitted chain mail
 55760 | Depths:4 | Identified the cursed +1 chain mail of the Scribe {+Fly Str-2 Dex+4 Slay-2} (You found it on level 4 of the Depths)
 57661 | Depths:4 | Reached XP level 26. HP: 120/250 MP: 24/24
 57963 | Depths:5 | Entered Level 5 of the Depths
 58323 | Depths:5 | Gained mutation: You are dopey. (Int -2) [a cacodemon]
 58324 | Depths:5 | Gained mutation: You tend to lose your temper in combat. [a cacodemon]
 58378 | Depths:5 | Paralysed by a floating eye for 4 turns
 58712 | Depths:5 | Received a gift from Okawaru
 59021 | Depths:5 | Found a runed door.
 59021 | Depths:5 | Found a runed door.
 59021 | Depths:5 | Found a runed door.
 59050 | Depths:5 | Found a runed door.
 59050 | Depths:5 | Found a runed door.
 59050 | Depths:5 | Found a runed door.
 59193 | Depths:5 | Found a gate to the Realm of Zot.
 60062 | Vaults:5 | Entered Level 5 of the Vaults
 60119 | Vaults:4 | Received a gift from Okawaru
 60334 | Vaults:5 | Received a gift from Okawaru
 60500 | Vaults:5 | Noticed an ancient lich
 60507 | Vaults:5 | Killed an ancient lich
 60590 | Vaults:5 | Reached XP level 27. HP: 264/264 MP: 24/24
 60611 | Vaults:5 | Got a pair of polished boots
 60622 | Vaults:5 | Identified the +1 pair of boots of Morality {rC+ Str+3} (You acquired it on level 5 of the Vaults)
 61260 | Vaults:5 | Received a gift from Okawaru
 61374 | Vaults:5 | Identified Jedghu's Guide on Blows and Bruises
 61488 | Vaults:5 | Got a silver rune of Zot
 61492 | Vaults:5 | Got an ancient amber ring
 61502 | Vaults:5 | Lost mutation: You tend to lose your temper in combat. [potion of mutation]
 61502 | Vaults:5 | Lost mutation: Your magical capacity is low. (-10% MP) [potion of mutation]
 61502 | Vaults:5 | Lost mutation: You are dopey. (Int -2) [potion of mutation]
 61502 | Vaults:5 | Gained mutation: You tend to lose your temper in combat. [potion of mutation]
 61502 | Vaults:5 | Gained mutation: Your spells are a little harder to cast, but a little more powerful. [potion of mutation]
 61502 | Vaults:5 | Gained mutation: You have a somewhat thin skeletal structure. (Dex +2, Stealth) [potion of mutation]
 61502 | Vaults:5 | Gained mutation: You have a pair of large horns on your head. [potion of mutation]
 61503 | Vaults:5 | Lost mutation: You have a pair of large horns on your head. [potion of mutation]
 61503 | Vaults:5 | Lost mutation: Your spells are a little harder to cast, but a little more powerful. [potion of mutation]
 61503 | Vaults:5 | Lost mutation: You tend to lose your temper in combat. [potion of mutation]
 61503 | Vaults:5 | Lost mutation: You can translocate small distances at will. [potion of mutation]
 61503 | Vaults:5 | Lost mutation: Your flesh is cold resistant. (rC+) [potion of mutation]
 61503 | Vaults:5 | Lost mutation: You have a somewhat thin skeletal structure. (Dex +2, Stealth) [potion of mutation]
 61503 | Vaults:5 | Gained mutation: You have an increased reservoir of magic. (+10% MP) [potion of mutation]
 61503 | Vaults:5 | Gained mutation: You have supernaturally acute eyesight. (SInv) [potion of mutation]
 61549 | Vaults:5 | Identified the ring of the Messenger {Wiz rF+} (You found it on level 5 of the Vaults)
 61831 | Vaults:5 | Got a transparent turquoise ring
 61884 | Vaults:5 | Identified the ring of Oturu {rF+ Stlth-} (You found it on level 5 of the Vaults)
 61898 | Vaults:5 | Got a bloodstained scale mail
 61915 | Vaults:5 | Identified the cursed +1 scale mail of the Shining Light {rF+ rN+ MR+} (You found it on level 5 of the Vaults)
 61975 | Vaults:5 | Identified the Grimoire of Unholy Earth
 62046 | Vaults:5 | Reached skill level 27 in Armour
 62929 | Orc:2    | Bought a scroll of brand weapon for 220 gold pieces
 62978 | Orc:2    | Bought a scroll of brand weapon for 300 gold pieces
 63397 | Depths:1 | Voluntarily entered the Abyss.
 63489 | Abyss:1  | Gained mutation: You are weak. (Str -2) [a cacodemon]
 63805 | Depths:1 | Escaped the Abyss
 63915 | Depths:1 | Voluntarily entered the Abyss.
 64027 | Abyss:1  | Received a gift from Okawaru
 64347 | Abyss:2  | Noticed an ancient lich
 64363 | Abyss:2  | Killed an ancient lich
 64376 | Abyss:2  | Received a gift from Okawaru
 65237 | Abyss:3  | Gained mutation: You can translocate small distances at will. [a neqoxec]
 65532 | Abyss:3  | Received a gift from Okawaru
 65535 | Abyss:3  | Got an encrusted crystal plate armour {god gift}
 65827 | Abyss:3  | Gained mutation: Your spells are a little easier to cast, but a little less powerful. [a neqoxec]
 65850 | Abyss:3  | Reached skill level 27 in Fighting
 66307 | Depths:1 | Escaped the Abyss
 66433 | Depths:1 | Identified the +0 crystal plate armour "Xongosch" {*Contam +Fly rN++} (Okawaru gifted it to you on level 3 of the Abyss)
 66434 | Depths:1 | Lost mutation: You can translocate small distances at will. [potion of mutation]
 66434 | Depths:1 | Lost mutation: Your spells are a little easier to cast, but a little less powerful. [potion of mutation]
 66434 | Depths:1 | Gained mutation: You tend to lose your temper in combat. [potion of mutation]
 66434 | Depths:1 | Gained mutation: You have large cloven feet. [potion of mutation]
 66434 | Depths:1 | Lost mutation: You tend to lose your temper in combat. [potion of mutation]
 66434 | Depths:1 | Gained mutation: You have hoof-like feet. [potion of mutation]
 66435 | Depths:1 | Lost mutation: You are weak. (Str -2) [potion of mutation]
 66435 | Depths:1 | Lost mutation: You have hoof-like feet. [potion of mutation]
 66435 | Depths:1 | Gained mutation: You are surrounded by a mild repulsion field. (EV +2) [potion of mutation]
 66435 | Depths:1 | Gained mutation: You possess an exceptional clarity of mind. [potion of mutation]
 66765 | Slime:1  | Entered Level 1 of the Pits of Slime
 66957 | Slime:3  | Gained mutation: You expend magic power (3 MP) to strengthen your wands. [a shining eye]
 67084 | Slime:5  | Entered Level 5 of the Pits of Slime
 67247 | Slime:5  | Noticed the Royal Jelly
 67260 | Slime:5  | Killed the Royal Jelly
 67444 | Slime:5  | Got a translucent broad axe
 67477 | Slime:5  | Got a scorched hand axe
 67517 | Slime:5  | Got a slimy rune of Zot
 67592 | Slime:5  | Identified the +8 broad axe "Welep" {freeze, rN+ Dex+6} (You found it on level 5 of the Pits of Slime)
 67593 | Slime:5  | Identified the +8 hand axe of Infection {speed, *Slow rElec Int-3 Dex+5} (You found it on level 5 of the Pits of Slime)
 67600 | Slime:5  | Got a clouded brass ring
 67601 | Slime:5  | Identified the ring of Siamp {Fire rN+ Str-5 Int+4} (You acquired it on level 5 of the Pits of Slime)
 67607 | Slime:5  | Got a pitted flail
 67608 | Slime:5  | Identified the cursed +0 flail of Undoing {venom, rPois rC++ Dex+5} (You found it on level 5 of the Pits of Slime)
 67739 | Slime:5  | Got a crude fustibalus
 67740 | Slime:5  | Identified the +2 fustibalus of the Egg {venom, SInv} (You found it on level 5 of the Pits of Slime)
 68657 | Hell     | Entered the Vestibule of Hell
 68657 | Hell     | Noticed Geryon
 68676 | Depths:2 | Reached skill level 1 in Maces & Flails
 68678 | Depths:2 | Received a gift from Okawaru
 68964 | Hell     | Killed Geryon
 69180 | Hell     | Found a gateway to the ashen valley of Gehenna.
 69306 | Hell     | Found a gateway to the Iron City of Dis.
 69412 | Hell     | Found a gateway to the freezing wastes of Cocytus.
 69497 | Hell     | Found a gateway to the decaying netherworld of Tartarus.
 69510 | Hell     | Reached skill level 5 in Maces & Flails
 69810 | Zot:1    | Entered Level 1 of the Realm of Zot
 70484 | Zot:2    | Received a gift from Okawaru
 70486 | Zot:2    | Reached skill level 27 in Dodging
 70513 | Zot:2    | Got an ancient shield {god gift}
 70636 | Zot:1    | Identified the +1 shield of Gluttony {rC- Dex+6} (Okawaru gifted it to you on level 2 of the Realm of Zot)
 72845 | Zot:2    | Reached skill level 10 in Maces & Flails
 73430 | Zot:3    | Noticed an orb of fire
 73440 | Zot:3    | Lost mutation: You have supernaturally acute eyesight. (SInv) [an orb of fire]
 73442 | Zot:3    | Lost mutation: You have an increased reservoir of magic. (+10% MP) [an orb of fire]
 73443 | Zot:3    | Gained mutation: You do not regenerate when monsters are visible. [an orb of fire]
 73444 | Zot:3    | Killed an orb of fire
 73449 | Zot:3    | Received a gift from Okawaru
 74858 | Zot:4    | Received a gift from Okawaru
 74858 | Zot:4    | Reached skill level 27 in Shields
 75259 | Zot:4    | Received a gift from Okawaru
 75304 | Zot:4    | Reached skill level 15 in Crossbows
 75616 | Zot:4    | Received a gift from Okawaru
 75679 | Zot:4    | Noticed an orb of fire
 75687 | Zot:4    | Killed an orb of fire
 75831 | Zot:4    | Got a polished chain mail
 76092 | Zot:5    | Entered Level 5 of the Realm of Zot
 76308 | Zot:5    | Received a gift from Okawaru
 76343 | Zot:5    | Received a gift from Okawaru
 76384 | Zot:5    | Noticed an ancient lich
 76393 | Zot:5    | Noticed an ancient lich
 76396 | Zot:5    | Killed an ancient lich
 76396 | Zot:5    | Received a gift from Okawaru
 76400 | Zot:5    | Killed an ancient lich
 76555 | Zot:5    | HP: 13/273 [??? (10)]
 77084 | Zot:5    | Received a gift from Okawaru
 77110 | Zot:5    | Noticed loopi's ghost (legendary OgWn)
 77115 | Zot:5    | Noticed an orb of fire
 77121 | Zot:5    | Noticed an orb of fire
 77124 | Zot:5    | Gained mutation: You are occasionally teleported next to monsters. [an orb of fire]
 77129 | Zot:5    | Gained mutation: Scrolls take you a little longer to read. [an orb of fire]
 77131 | Zot:5    | Killed an orb of fire
 77131 | Zot:5    | Received a gift from Okawaru
 77131 | Zot:5    | Reached skill level 15 in Maces & Flails
 77134 | Zot:5    | Killed an orb of fire
 77134 | Zot:5    | Received a gift from Okawaru
 77166 | Zot:5    | Killed loopi's ghost
 77166 | Zot:5    | Received a gift from Okawaru
 77320 | Zot:5    | Noticed an orb of fire
 77329 | Zot:5    | Killed an orb of fire
 77358 | Zot:5    | Noticed an ancient lich
 77359 | Zot:5    | Noticed an orb of fire
 77365 | Zot:5    | Lost mutation: You possess an exceptional clarity of mind. [an orb of fire]
 77366 | Zot:5    | Killed an orb of fire
 77370 | Zot:5    | Noticed an ancient lich
 77372 | Zot:5    | Killed an ancient lich
 77375 | Zot:5    | Killed an ancient lich
 77705 | Zot:5    | Received a gift from Okawaru
 78349 | Lair:1   | Identified the +0 chain mail "Inno" {rPois rF- rN++ Regen+} (You found it on level 4 of the Realm of Zot)
 78387 | Lair:1   | Lost mutation: You have large cloven feet. [potion of mutation]
 78387 | Lair:1   | Lost mutation: Scrolls take you a little longer to read. [potion of mutation]
 78387 | Lair:1   | Lost mutation: You expend magic power (3 MP) to strengthen your wands. [potion of mutation]
 78387 | Lair:1   | Lost mutation: You are occasionally teleported next to monsters. [potion of mutation]
 78387 | Lair:1   | Lost mutation: You do not regenerate when monsters are visible. [potion of mutation]
 78387 | Lair:1   | Gained mutation: You have sharp toenails. [potion of mutation]
 78387 | Lair:1   | Gained mutation: You are resistant to hostile enchantments. (MR+) [potion of mutation]
 78620 | Depths:1 | Voluntarily entered the Abyss.
 78642 | Abyss:1  | Received a gift from Okawaru
 78685 | Abyss:1  | Received a gift from Okawaru
 79001 | Abyss:1  | Found a shattered altar of Ashenzari.
 79090 | Abyss:1  | Gained mutation: Your spells are a little easier to cast, but a little less powerful. [a cacodemon]
 79172 | Abyss:1  | Received a gift from Okawaru
 79311 | Abyss:2  | Found a shimmering altar of Xom.
 79434 | Abyss:3  | Gained mutation: You do not regenerate when monsters are visible. [a neqoxec]
 79438 | Abyss:3  | Gained mutation: Your body sometimes deteriorates upon taking damage. [a neqoxec]
 79439 | Abyss:3  | Gained mutation: Your body often deteriorates upon taking damage. [a neqoxec]
 79938 | Abyss:3  | Got an abyssal rune of Zot
 79944 | Abyss:3  | Gained mutation: Potions are less effective at restoring your health. [a neqoxec]
 79963 | Depths:1 | Escaped the Abyss
 80219 | Depths:1 | Lost mutation: Your body often deteriorates upon taking damage. [potion of mutation]
 80219 | Depths:1 | Lost mutation: You have sharp toenails. [potion of mutation]
 80219 | Depths:1 | Lost mutation: Your body sometimes deteriorates upon taking damage. [potion of mutation]
 80219 | Depths:1 | Gained mutation: You are dopey. (Int -2) [potion of mutation]
 80219 | Depths:1 | Lost mutation: You are dopey. (Int -2) [potion of mutation]
 80220 | Depths:1 | Lost mutation: Potions are less effective at restoring your health. [potion of mutation]
 80220 | Depths:1 | Lost mutation: Your spells are a little easier to cast, but a little less powerful. [potion of mutation]
 80220 | Depths:1 | Lost mutation: You are resistant to hostile enchantments. (MR+) [potion of mutation]
 80220 | Depths:1 | Gained mutation: You are dopey. (Int -2) [potion of mutation]
 80220 | Depths:1 | Gained mutation: You are covered in fur. (AC +1) [potion of mutation]
 80220 | Depths:1 | Gained mutation: Your system is resistant to poisons. (rPois) [potion of mutation]
 80221 | Depths:1 | Lost mutation: You do not regenerate when monsters are visible. [potion of mutation]
 80221 | Depths:1 | Lost mutation: You are covered in fur. (AC +1) [potion of mutation]
 80221 | Depths:1 | Lost mutation: You are dopey. (Int -2) [potion of mutation]
 80221 | Depths:1 | Lost mutation: You are surrounded by a mild repulsion field. (EV +2) [potion of mutation]
 80221 | Depths:1 | Gained mutation: Scrolls take you a little longer to read. [potion of mutation]
 80221 | Depths:1 | Gained mutation: Your movements are slightly less encumbered by armour. (ER -2) [potion of mutation]
 80222 | Depths:1 | Lost mutation: Scrolls take you a little longer to read. [potion of mutation]
 80222 | Depths:1 | Lost mutation: Your system is resistant to poisons. (rPois) [potion of mutation]
 80222 | Depths:1 | Lost mutation: Your movements are slightly less encumbered by armour. (ER -2) [potion of mutation]
 80222 | Depths:1 | Gained mutation: Your natural rate of healing is unusually fast. [potion of mutation]
 80222 | Depths:1 | Gained mutation: You tend to lose your temper in combat. [potion of mutation]
 80222 | Depths:1 | Gained mutation: Your flesh is cold resistant. (rC+) [potion of mutation]
 80222 | Depths:1 | Gained mutation: You have a pair of large horns on your head. [potion of mutation]
 80225 | Depths:1 | Lost mutation: You have a pair of large horns on your head. [potion of mutation]
 80225 | Depths:1 | Lost mutation: Your flesh is cold resistant. (rC+) [potion of mutation]
 80225 | Depths:1 | Lost mutation: You tend to lose your temper in combat. [potion of mutation]
 80225 | Depths:1 | Lost mutation: Your natural rate of healing is unusually fast. [potion of mutation]
 80225 | Depths:1 | Gained mutation: Armour fits poorly on your strangely shaped body. [potion of mutation]
 80225 | Depths:1 | Gained mutation: Your movements are slightly less encumbered by armour. (ER -2) [potion of mutation]
 80226 | Depths:1 | Lost mutation: Armour fits poorly on your strangely shaped body. [potion of mutation]
 80226 | Depths:1 | Lost mutation: Your movements are slightly less encumbered by armour. (ER -2) [potion of mutation]
 80226 | Depths:1 | Gained mutation: Your spells are a little harder to cast, but a little more powerful. [potion of mutation]
 80226 | Depths:1 | Gained mutation: Your natural rate of healing is unusually fast. [potion of mutation]
 80226 | Depths:1 | Gained mutation: Your movements are slightly less encumbered by armour. (ER -2) [potion of mutation]
 80899 | Zot:5    | Noticed an ancient lich
 80917 | Zot:5    | Killed an ancient lich
 80942 | Zot:5    | Noticed an ancient lich
 80953 | Zot:5    | Killed an ancient lich
 80958 | Zot:5    | Received a gift from Okawaru
 80962 | Zot:5    | Got a pair of scorched gloves {god gift}
 80973 | Zot:5    | Identified the -7 pair of gloves of Disappointment {rC- Int+9 Slay+3} (Okawaru gifted it to you on level 5 of the Realm of Zot)
 81298 | Zot:5    | Got the Orb of Zot
 81366 | Zot:5    | Noticed an ancient lich
 81380 | Zot:5    | Killed an ancient lich
 81391 | Zot:5    | Noticed Som Asa the pandemonium lord
 81409 | Zot:5    | Killed Som Asa the pandemonium lord
 82010 | D:9      | Noticed Gidekk the pandemonium lord
 82010 | D:9      | Noticed an ancient lich
 82133 | D:2      | Noticed Uthryqit the pandemonium lord
 82136 | D:2      | Paralysed by a floating eye for 2 turns
 82143 | D:2      | Paralysed by a floating eye for 4 turns
 82147 | D:2      | HP: 10/273 [Brimstone Fiend[Uthryqit] (10)]
 82151 | D:2      | Paralysed by a floating eye for 2 turns
 82152 | D:2      | HP: 13/273 [Brimstone Fiend[Uthryqit] (4)]
 82152 | D:2      | Killed from afar by a smoke demon

Skill      XL: |  1  2  3  4  5  6  7  8  9 10 11 12 13 14 15 16 17 18 19 20 21 22 23 24 25 26 27 |
---------------+----------------------------------------------------------------------------------+-----
Fighting       | 4 5 6 7 8 9 10 11 12 13 14 15 16 17 18 19 21 23 24 27 | 27.0
Armour         | 4 5 6 7 8 9 11 12 13 14 15 17 18 19 20 21 22 23 24 25 26 27 | 27.0
Dodging        | 1 2 3 4 6 7 9 10 11 13 14 15 16 17 18 19 20 21 22 23 24 27 | 27.0
Shields        | 4 5 6 7 8 9 10 12 14 15 17 18 19 20 21 22 27 | 27.0
Axes           | 3 4 5 6 7 8 9 10 12 13 14 15 16 17 18 24 | 24.0
Invocations    | 2 4 5 6 7 |  7.6
Slings         | 3 5 6 |  6.1
Crossbows      | 3 5 7 9 10 20 | 20.5
Maces & Flails | 19 | 19.1

Action                   |  1- 3 |  4- 6 |  7- 9 | 10-12 | 13-15 | 16-18 | 19-21 | 22-24 | 25-27 || total
-------------------------+-------+-------+-------+-------+-------+-------+-------+-------+-------++-------
Melee: War axe           |    78 |   171 |   299 |   398 |  1125 |   885 |   499 |       |       ||  3455
       Headbutt          |    13 |    31 |    62 |   135 |   378 |   339 |   328 |   447 |   615 ||  2348
       Broad axe         |       |       |       |       |       |       |   404 |   652 |  1589 ||  2645
       Great mace        |       |       |       |       |       |       |       |   577 |       ||   577
       Dire flail        |       |       |       |       |       |       |       |       |   148 ||   148
 Fire: Hand crossbow     |       |       |       |       |       |   152 |   515 |   451 |  2433 ||  3551
Invok: Renounce Religion |       |       |     1 |       |       |       |       |       |       ||     1
       Heroism           |       |       |       |     2 |     9 |     3 |     5 |     3 |     3 ||    25
       Finesse           |       |       |       |       |     3 |     2 |       |       |       ||     5
 Abil: Blink             |       |       |       |       |       |       |       |     4 |       ||     4
Evoke: Wand              |       |       |       |       |       |       |       |       |     5 ||     5
  Use: Potion            |       |       |     1 |     5 |     4 |     1 |     4 |    10 |    34 ||    59
       Scroll            |       |       |       |    21 |    22 |    11 |     8 |    23 |    43 ||   128
 Stab: Distracted        |       |       |       |       |       |     1 |       |     1 |       ||     2
       Invisible         |       |       |       |       |       |       |     7 |       |       ||     7
  Eat: Chunk             |     2 |    16 |    12 |    13 |    30 |    15 |    22 |    11 |    28 ||   149
       Royal jelly       |       |       |       |       |     2 |     7 |     4 |     5 |     5 ||    23
       Fruit             |       |       |       |       |       |       |       |    15 |       ||    15
       Meat ration       |       |       |       |       |       |       |       |     3 |    11 ||    14
       Bread ration      |       |       |       |       |       |       |       |       |     1 ||     1
Armor: Scale mail        |    32 |     5 |       |       |       |       |       |       |       ||    37
       Chain mail        |       |    92 |   155 |    43 |       |       |       |       |       ||   290
       Plate armour      |       |       |       |   162 |   278 |   293 |   151 |   375 |   153 ||  1412
       Gold dragon scale |       |       |       |       |       |       |       |       |   338 ||   338
Dodge: Dodged            |    29 |    73 |    92 |   179 |   521 |   574 |   349 |   927 |  1350 ||  4094
Block: Shield            |    44 |   100 |   171 |   258 |   730 |   655 |       |       |       ||  1958
       Reflection        |       |       |       |       |    11 |    37 |   148 |    71 |   157 ||   424
       Large shield      |       |       |       |       |       |   169 |  1320 |   799 |  2846 ||  5134
       Other             |       |       |       |       |       |       |       |    41 |     9 ||    50
